 Dungeon Crawl Stone Soup version 0.29.1 (webtiles) character file.

Game seed: 1359468357549362729

9098 Ijustatesigmund the Fighter (level 11, 0/72 HPs)
             Began as a Gargoyle Fighter on Sept 13, 2022.
             Was an Elder of Cheibriados.
             Killed from afar by a rime drake (7 damage)
             ... with a flash freeze
             ... on level 9 of the Dungeon.
             The game lasted 00:20:09 (11452 turns).

Ijustatesigmund the Fighter (Gargoyle Fighter)     Turns: 11452, Time: 00:20:11

Health: 0/72       AC: 32    Str: 28    XL:     11   Next: 41%
Magic:  16/16      EV:  7    Int: 27    God:    Cheibriados [****..]
Gold:   432        SH:  5    Dex: 18    Spells: 9/10 levels left

rFire   + + .      SeeInvis .   a - +3 flail (freeze)
rCold   . . .      Faith    .   c - +0 buckler
rNeg    + . .      Spirit   .   b - +6 plate armour of Honesty {rF+ rCorr Int+4}
rPois   ∞          Reflect  .   f - +0 helmet
rElec   +          Harm     .   e - +0 cloak
rCorr   +          Rampage  .   s - +0 pair of gloves
Will    .....                   (no boots)
Stlth   ..........              (no amulet)
HPRegen 0.22/turn               w - ring of protection from fire
MPRegen 0.15/turn               k - ring of resist corrosion

@: very slow
A: sickness immunity, AC +8, negative energy resistance 1, electricity
resistance, torment resistance 1, petrification resistance
a: Renounce Religion, Bend Time, Temporal Distortion, Slouch


You were on level 9 of the Dungeon.
You worshipped Cheibriados.
Cheibriados was greatly pleased with you.
You visited 2 branches of the dungeon, and saw 10 of its levels.

You collected 781 gold pieces.
You spent 349 gold pieces at shops.

Inventory:

Hand Weapons
 a - a +3 flail of freezing (weapon)
 g - a +1 flail of holy wrath
Missiles
 h - a throwing net (quivered)
Armour
 b - the +6 plate armour of Honesty (worn) {rF+ rCorr Int+4}
   (You found it on level 7 of the Dungeon)

   Int:       It affects your intelligence (+4).
   rF:        It protects you from fire.
   rCorr:     It protects you from acid and corrosion.
 c - a +0 buckler (worn)
 e - a +0 cloak (worn)
 f - a +0 helmet (worn)
 s - a +0 pair of gloves (worn)
Jewellery
 i - a ring of magical power
 k - a ring of resist corrosion (right hand)
 w - a ring of protection from fire (left hand)
 y - a +6 ring of dexterity
 F - the ring of Obaplabo {rElec rF+}
   (You took it off a kobold on level 9 of the Dungeon)

   [ring of protection from fire]

   rF:        It protects you from fire.
   rElec:     It insulates you from electricity.
Wands
 r - a wand of flame (9)
 v - a wand of digging (9)
 x - a wand of charming (21)
Scrolls
 m - a scroll of identify
 o - a scroll of teleportation
 t - 3 scrolls of magic mapping
 u - 3 scrolls of blinking
 A - a scroll of torment
 E - a scroll of immolation {unknown}
Potions
 d - 3 potions of magic
 j - 3 potions of haste
 l - a potion of cancellation
 n - 3 potions of lignification
 p - a potion of resistance
 q - 3 potions of brilliance
 z - a potion of curing
 C - 2 potions of might
 D - a potion of flight


   Skills:
 - Level 10.0 Fighting
 - Level 8.9 Maces & Flails
 + Level 9.6 Armour
 - Level 3.2 Shields
 - Level 2.8 Conjurations
 + Level 7.9 Invocations
 - Level 5.1 Evocations


You had 9 spell levels left.
You knew the following spells:

 Your Spells              Type           Power      Damage    Failure   Level
a - Magic Dart            Conj           60%        1d6       38%         1

Your spell library contained the following spells:

 Spells                   Type           Power      Damage    Failure   Level
 Beastly Appendage        Tmut           0%         N/A       78%         1
 Call Imp                 Summ           0%         N/A       89%         2
 Ensorcelled Hibernation  Hex/Ice        0%         N/A       89%         2
 Wereblood                Tmut           0%         N/A       89%         2
 Mephitic Cloud           Conj/Pois/Air  5%         N/A       95%         3
 Ozocubu's Armour         Ice            0%         N/A       98%         3
 Spider Form              Tmut/Pois      0%         N/A       98%         3
 Anguish                  Hex/Necr       0%         N/A       100%        4
 Cause Fear               Hex            0%         N/A       100%        4
 Metabolic Englaciation   Hex/Ice        0%         N/A       100%        5
 Simulacrum               Ice/Necr       0%         N/A       100%        6
 Dragon Form              Tmut           0%         N/A       100%        7
 Malign Gateway           Summ/Tloc      0%         N/A       100%        7
 Summon Horrible Things   Summ           0%         N/A       100%        8
 Dragon's Call            Summ           0%         N/A       100%        9


Dungeon Overview and Level Annotations

Branches:
Dungeon (9/15)             Temple (1/1) D:5            Lair (0/5) D:9
    Orc (0/2) D:9

Altars:
Ashenzari
Cheibriados
Dithmenos
Elyvilon
Fedhas
Gozag
Hepliaklqana
Kikubaaqudgha
Makhleb
Nemelex Xobeh
Okawaru
Qazlal
Ru
Sif Muna
Trog
Uskayaw
Vehumet
Wu Jian
Xom
Yredelemnul
Zin
The Shining One

Shops:
D:5 ?   D:8 *   D:9 !


Innate Abilities, Weirdness & Mutations

You are immune to sickness and miasma.
Your stone body is resilient. (AC +8)
You are immune to poison.
You resist negative energy. (rN+)
You are resistant to electric shocks. (rElec)
You are resistant to unholy torment.
You are immune to petrification.


Message History

Beogh smites you!
You are too injured to fight recklessly!
You are too injured to fight recklessly!
You barely miss the orc priest.
The orc priest is almost dead.
The orc priest hits you with a +0 falchion.
You hit the orc priest. You freeze the orc priest.
You kill the orc priest!
Cheibriados appreciates the change of pace.
You hit the rime drake. You freeze the rime drake.
The rime drake is lightly wounded.
The rime drake breathes ice at you. The flash freeze hits you!!
* * * LOW HITPOINT WARNING * * *
You are encased in ice.
Okay, then.
As you read the scroll of fear, it crumbles to dust.
You assume a fearsome visage.
The rime drake looks frightened!
You close the door, pushing everything out of the way.
You see here a +0 falchion.
The ice encasing you melts away.
Items here: ))) [[ †.
As you read the scroll of teleportation, it crumbles to dust.
You feel strangely unstable.
The rime drake hisses angrily.
Okay, then.
Throw: 2 throwing nets
Press: ? - help, Q - select action, (/) - cycle Shift-Dir - straight line, f - rime drake
Aim: a rime drake (60% to hit)
You throw a throwing net. The throwing net hits the rime drake.
The rime drake is caught in the net!
The rime drake struggles against the net.
The rime drake struggles against the net. x2
Your surroundings suddenly seem different.
An orc warrior comes into view. It is wielding a +0 war axe.
Found a mace.
The rime drake hisses angrily.
The rime drake breathes ice at you. The flash freeze hits you!
You die...

#.. .. .# ##
#####o### ###.
#.......# #######...
#..k...!###†......##
#.......'...#######
#..@....###k##
####'#### #.)# .#
##.## .. ####))##
#'#######+####
##.......[######
######..##..###....
#....##....##.'....
#.....##..##..#....


You could see a rime drake (catching breath) and an orc warrior.

Vanquished Creatures
  A centaur warrior (D:7)
  A two-headed ogre (D:5)
  Joseph (D:8)
  An unseen horror (D:6)
  A rime drake (D:9)
  A kobold demonologist (D:9)
  Prince Ribbit (D:6)
  3 wyverns (D:9)
  A wraith (D:7)
  5 yaks (D:9)
  Eustachio (D:5)
  3 steam dragons
  6 water moccasins
  3 sky beasts
  2 orc warriors
  4 black bears
  3 ice beasts
  3 ogres
  2 phantoms
  3 kobold brigands
  7 bullfrogs
  2 necrophages
  2 scorpions
  8 wights
  5 killer bees
  4 howler monkeys
  5 hounds
  Crazy Yiuf (D:5)
  2 jellies
  A gnoll bouda (D:5)
  4 orc priests
  9 iguanas
  4 orc wizards
  Natasha (thrice) (D:2)
  9 gnolls
  7 adders
  A shadow imp (D:6)
  A white imp (D:6)
  An ufetubus (D:5)
  2 worms
  3 dart slugs
  23 orcs
  5 endoplasms
  3 giant cockroaches
  8 goblins
  7 hobgoblins
  2 jackals (D:3)
  4 quokkas
  7 ball pythons
  2 bats
  2 frilled lizards
  11 kobolds
  5 rats
206 creatures vanquished.

Vanquished Creatures (others)
  A bush (D:9)
  8 fungi
  43 plants
52 creatures vanquished.

Grand Total: 258 creatures vanquished

Notes
Turn   | Place    | Note
-------+----------+-------------------------------------------
     0 | D:1      | Ijustatesigmund the Gargoyle Fighter began the quest for
                  | the Orb.
     0 | D:1      | Reached XP level 1. HP: 14/14 MP: 1/1
   229 | D:1      | Reached XP level 2. HP: 19/19 MP: 2/2
   366 | D:1      | Found a faded altar of an unknown god.
   368 | D:1      | Noticed a great orb of eyes
   373 | D:1      | Noticed a golden eye
   498 | D:1      | Noticed a shining eye
   504 | D:1      | Noticed a shining eye
   798 | D:2      | Noticed Natasha
   803 | D:2      | Killed Natasha
   804 | D:2      | Reached skill level 4 in Fighting
   804 | D:2      | Reached XP level 3. HP: 24/24 MP: 3/3
   875 | D:2      | Reached XP level 4. HP: 28/30 MP: 4/4
  1331 | D:2      | Noticed Natasha
  1336 | D:2      | Killed Natasha
  1365 | D:2      | Found a broken altar of Ashenzari.
  1426 | D:2      | Reached XP level 5. HP: 34/34 MP: 5/5
  1495 | D:2      | Reached skill level 5 in Fighting
  1626 | D:2      | Noticed Natasha
  1632 | D:2      | Killed Natasha
  2131 | D:3      | Reached XP level 6. HP: 41/41 MP: 6/6
  2277 | D:3      | Noticed a water moccasin
  2288 | D:3      | Killed a water moccasin
  2289 | D:3      | Reached skill level 6 in Fighting
  2289 | D:3      | Reached skill level 5 in Maces & Flails
  2754 | D:4      | Reached XP level 7. HP: 35/46 MP: 7/7
  3155 | D:4      | Found a broken altar of Ashenzari.
  3166 | D:4      | Found an opulent altar of Gozag.
  3166 | D:4      | Found a hide-covered altar of Uskayaw.
  3329 | D:5      | Entered Level 5 of the Dungeon
  3333 | D:5      | Noticed a two-headed ogre
  3559 | D:5      | Reached skill level 7 in Fighting
  3635 | D:5      | Found a staircase to the Ecumenical Temple.
  3649 | D:5      | Reached XP level 8. HP: 34/53 MP: 8/8
  3836 | D:5      | Found Haimon's Magic Scroll Shoppe.
  3854 | D:5      | Reached skill level 5 in Armour
  3944 | D:5      | Killed a two-headed ogre
  3945 | D:5      | Reached skill level 5 in Evocations
  4200 | D:5      | Bought a scroll of magic mapping for 82 gold pieces
  4200 | D:5      | Bought a scroll of teleportation for 33 gold pieces
  4200 | D:5      | Bought 2 scrolls of identify for 44 gold pieces
  4200 | D:5      | Bought a scroll of blinking for 82 gold pieces
  4200 | D:5      | Bought a scroll of teleportation for 33 gold pieces
  4222 | D:5      | Noticed Eustachio
  4230 | D:5      | Killed Eustachio
  4231 | D:5      | Reached XP level 9. HP: 57/57 MP: 9/9
  4259 | Temple   | Entered the Ecumenical Temple
  4354 | Temple   | Became a worshipper of Cheibriados the Contemplative
  4736 | D:5      | Reached skill level 1 in Invocations
  5306 | D:5      | Found a runed translucent door.
  5307 | D:5      | Noticed Crazy Yiuf
  5314 | D:5      | Killed Crazy Yiuf
  5379 | D:6      | Learned a level 1 spell: Magic Dart
  5498 | D:6      | Noticed Prince Ribbit
  5529 | D:6      | Reached skill level 1 in Conjurations
  5533 | D:6      | Killed Prince Ribbit
  5534 | D:6      | Reached skill level 8 in Fighting
  6064 | D:6      | Found an ornate altar of the Wu Jian Council.
  6271 | D:6      | You fall into a shaft and drop 1 floor!
  6652 | D:7      | Reached * piety under Cheibriados
  6656 | D:7      | Identified the +6 plate armour of Honesty {rF+ rCorr Int+4}
  7000 | D:6      | Reached XP level 10. HP: 59/65 MP: 12/12
  7930 | D:7      | Reached skill level 9 in Fighting
  8059 | D:7      | Noticed a centaur warrior
  8076 | D:7      | Killed a centaur warrior
  8077 | D:7      | Reached skill level 5 in Invocations
  8352 | D:7      | Reached ** piety under Cheibriados
  8665 | D:6      | Killed an unseen horror
  9099 | D:8      | Found Nymagan's General Store.
  9184 | D:8      | Found a sparkling altar of Nemelex Xobeh.
  9185 | D:8      | Found a burning altar of Makhleb.
  9187 | D:8      | Found a hazy altar of Hepliaklqana.
  9197 | D:8      | Found an iron altar of Okawaru.
  9210 | D:8      | Found a glowing golden altar of the Shining One.
  9213 | D:8      | Found a glowing silver altar of Zin.
  9602 | D:8      | Bought a scroll of magic mapping for 75 gold pieces
  9808 | D:8      | Reached *** piety under Cheibriados
  9884 | D:8      | Noticed Joseph
  9907 | D:8      | Killed Joseph
  9908 | D:8      | Reached XP level 11. HP: 42/72 MP: 15/15
 10449 | D:9      | Noticed a sixfirhy
 10573 | D:9      | Reached skill level 10 in Fighting
 10606 | D:9      | Found Pitoow's Distillery.
 11050 | D:9      | Found a staircase to the Lair.
 11127 | D:9      | Reached **** piety under Cheibriados
 11213 | D:9      | Identified the ring of Obaplabo {rElec rF+}
 11267 | D:9      | Found the +4 skin of Zhor {*Englaciate rC+++ SInv}
 11267 | D:9      | Noticed a two-headed ogre
 11343 | D:9      | Found the +3 pair of seven-league boots {Rampage+∞}
 11399 | D:9      | Found a staircase to the Orcish Mines.
 11452 | D:9      | Killed from afar by a rime drake

Illustrated notes

Levels and vault maps discovered:
D:1:      heliophobic_arrival_henge, layout_basic,
          hellmonk_ecumenical_altar_watching_god
D:2:      kennysheep_the_goblin_king, layout_basic, basic_altar,
          minmay_crystal_room, uniq_natasha
D:3:      layout_basic, kennysheep_pointless_box
D:4:      layout_rooms, gammafunk_temple_overflow_forgotten
D:5:      layout_basic, minmay_temple_entry_statues_fountains, serial_shops,
          shop, uniq_crazy_yiuf_cottage, uniq_eustachio
D:6:      layout_rooms, kennysheep_little_box, uniq_prince_ribbit1
D:7:      nzn_winding_woodlands_stair_cross
          [nzn_winding_woodlands_5x15_lazy_stream,
          nzn_winding_woodlands_center_diamonds,
          nzn_winding_woodlands_5x15_concentric,
          nzn_winding_woodlands_5x5_checkerboard,
          nzn_winding_woodlands_5x5_open_star,
          nzn_winding_woodlands_5x15_garden,
          nzn_winding_woodlands_center_garden,
          nzn_winding_woodlands_5x15_longhouse], layout_basic
D:8:      layout_loops_ring, lemuel_tele_altar, minmay_overflow_temple_star_hex,
          nicolae_inconvenience_store, abandoned_shop, uniq_joseph
D:9:      layout_roguey, minmay_lair_entry_grove, orc_0_dummy, serial_shops,
          nicolae_square_shop, hellmonk_guarded_unrand_zhor
Temple:   nicolae_temple_hex_pool

Skill      XL: |  1  2  3  4  5  6  7  8  9 10 11 |
---------------+----------------------------------+-----
Fighting       | 4 5 6 7 8 9 10 | 10.0
Maces & Flails | 3 4 5 6 7 8 |  8.9
Armour         | 4 5 6 8 9 |  9.6
Evocations     | 5 |  5.1
Invocations    | 3 6 7 |  7.9
Conjurations   | 2 |  2.8
Shields        | |  3.2

Action                   |  1- 3 |  4- 6 |  7- 9 | 10-12 || total
-------------------------+-------+-------+-------+-------++-------
Melee: Flail             |    36 |       |       |   171 ||   207
       Whip              |    38 |   166 |   307 |   314 ||   825
Throw: Throwing net      |       |       |       |     1 ||     1
Invok: Bend Time         |       |       |       |     1 ||     1
Evoke: Wand              |       |       |    20 |     7 ||    27
  Use: Scroll            |     1 |     6 |     7 |     7 ||    21
       Potion            |       |     1 |     4 |     1 ||     6
 Stab: Invisible         |       |       |       |     1 ||     1
Armor: Scale mail        |    36 |    74 |    56 |       ||   166
       Leather armour    |       |       |    72 |       ||    72
       Plate armour      |       |       |    32 |   403 ||   435
       Skin              |       |       |    29 |       ||    29
Dodge: Dodged            |    26 |    54 |    95 |   106 ||   281
Block: Buckler           |    19 |    24 |    52 |   108 ||   203
